 Dungeon Crawl Stone Soup version 0.31.0-1-g2c135a0 (webtiles) character file.

Game seed: 16964784006840616157

235125 yakattack the Scorcher (level 18, 0/105 HPs)
             Began as a Felid Ice Elementalist on Jan 31, 2024.
             Was the Champion of Vehumet.
             Slain by a +2 long sword of flaming (22 damage)
             ... on level 1 of the Elven Halls.
             The game lasted 01:39:09 (58565 turns).

yakattack the Scorcher (Felid Ice Elementalist)    Turns: 58565, Time: 01:39:10

Health: 0/105      AC:  3    Str: 10      XL:     18   Next: 46%
Magic:  9/44       EV: 28    Int: 32      God:    Vehumet [******]
Gold:   618        SH:  0    Dex: 17 (18) Spells: 2/41 levels left
                                        Lives:  0   Deaths: 6

rFire   . . .        (weapon unavailable)
rCold   + . .        (shield unavailable)
rNeg    + . .        (body armour unavailable)
rPois   +            (helmet unavailable)
rElec   .            (cloak unavailable)
rCorr   +            (gloves unavailable)
SInv    +            (boots unavailable)
Will    +++..        S - amulet of Sin {Acrobat ^Fragile rN+ Will+ rCorr}
Stlth   ++           Y - ring "Wutreb" {Fly MP+9 Str+3}
HPRegen 0.37/turn    X - ring "Meteryle" {Wiz Str+3 Int+6}
MPRegen 0.29/turn

%: acrobat, wizardry (x1)
@: flying
A: very small, claws 1, fangs 3, see invisible, shaggy fur 3, stealthy paws, no
weapons or thrown items, no armour, multi-lived, deterioration 1, poison
resistance, no potion heal 1
}: 2/15 runes: serpentine, barnacled
a: Renounce Religion


You were on level 1 of the Elven Halls.
You worshipped Vehumet.
Vehumet was exalted by your worship.
You visited 6 branches of the dungeon, and saw 31 of its levels.
You also visited: Gauntlet and Volcano.

You collected 3302 gold pieces.
You spent 2684 gold pieces at shops.

Inventory:

Missiles
 G - 5 throwing nets
Jewellery
 s - a ring of positive energy
 M - a ring of flight
 N - a ring of magical power
 P - the ring of Ocoroifu {rF+ AC+4 Str+2}
   (You acquired it on level 11 of the Dungeon)

   [ring of protection]

   AC+4:      It affects your AC (+4).
   Str+2:     It affects your strength (+2).
   rF+:       It protects you from fire.
 S - the amulet of Sin (around neck) {Acrobat ^Fragile rN+ Will+ rCorr}
   (You bought it in a shop on level 2 of the Orcish Mines)

   [amulet of the acrobat]

   Acrobat:   It increases your evasion while moving and waiting.
   rN+:       It protects you from negative energy.
   Will+:     It increases your willpower.
   rCorr:     It protects you from acid and corrosion.
   ^Fragile:  It will be destroyed if unequipped.
 X - the ring "Meteryle" (right paw) {Wiz Str+3 Int+6}
   (You bought it in a shop on level 2 of the Snake Pit)

   [ring of wizardry]

   Wiz:       It improves your spell success rate.
   Str+3:     It affects your strength (+3).
   Int+6:     It affects your intelligence (+6).
 Y - the ring "Wutreb" (left paw) {Fly MP+9 Str+3}
   (You bought it in a shop on level 2 of the Snake Pit)

   [ring of flight]

   Str+3:     It affects your strength (+3).
   MP+9:      It affects your magic capacity (+9).
   Fly:       It grants you flight.
Wands
 v - a wand of digging (1)
 y - a wand of roots (18)
 z - a wand of flame (78)
 B - a wand of charming (34)
 C - a wand of acid (7)
 D - a wand of polymorph (3)
 R - a wand of mindburst (9)
Scrolls
 b - a scroll of amnesia
 j - 5 scrolls of fear
 m - 7 scrolls of vulnerability
 n - 4 scrolls of immolation
 q - 6 scrolls of teleportation
 r - 12 scrolls of identify
 w - 3 scrolls of blinking
 x - 3 scrolls of silence
 K - 3 scrolls of poison
 T - a scroll of torment
 V - 3 scrolls of fog
 W - a scroll of butterflies
 Z - 2 scrolls of revelation
Potions
 a - 4 potions of magic
 c - 2 potions of enlightenment
 f - 6 potions of resistance
 g - 12 potions of curing
 h - 5 potions of mutation
 i - 8 potions of heal wounds
 k - 3 potions of berserk rage
 o - 2 potions of might
 u - 3 potions of cancellation
 F - 2 potions of brilliance
 I - 2 potions of invisibility
 J - a potion of attraction
 O - 2 potions of lignification
 U - 5 potions of haste
Miscellaneous
 E - a lightning rod (4/4)
 H - a phantom mirror (inert)
 L - a phial of floods
 Q - a box of beasts (inert)


   Skills:
 - Level 16.1 Fighting
 - Level 15.0 Dodging
 - Level 2.6 Stealth
 - Level 12.0 Spellcasting
 - Level 7.8 Conjurations
 - Level 5.3 Summonings
 - Level 16.8 Fire Magic
 - Level 8.1 Ice Magic
 - Level 5.6 Air Magic
 - Level 8.5 Alchemy
 + Level 7.7 Evocations
 - Level 1.1 Shapeshifting


You had 2 spell levels left.
You knew the following spells:

 Your Spells              Type           Power      Damage    Failure   Level
a - Frozen Ramparts       Ice            100%       1d16      1%          3
c - Plasma Beam           Fire/Air       37%        2x1d50    1%          6
d - Summon Ice Beast      Ice/Summ       58%        N/A       1%          3
q - Sticky Flame          Fire/Alch      79%        2d12      1%          4
s - Ozocubu's Armour      Ice            63%        N/A       1%          3
v - Iskenderun's Mystic   Conj/Tloc      44%        2d10      1%          4
w - Fireball              Conj/Fire      39%        3d16      1%          5
x - Ignition              Fire           45%        3d13      1%          8
D - Call Canine Familiar  Summ           52%        N/A       1%          3

Your spell library contained the following spells:

 Spells                   Type           Power      Damage    Failure   Level
 Lehudib's Crystal Spear  Conj/Erth      22%        10d6      90%         8
 Chain Lightning          Conj/Air       29%        3d38      99%         9
 Polar Vortex             Ice            31%        12d4*     99%         9
 Foxfire                  Conj/Fire      100%       2x1d9     0%          1
 Freeze                   Ice            100%       1d10      1%          1
 Magic Dart               Conj           100%       1d8       1%          1
 Slow                     Hex            76%        N/A       1%          1
 Sting                    Conj/Alch      100%       1d9       1%          1
 Blink                    Tloc           38%        N/A       1%          2
 Call Imp                 Summ           100%       N/A       1%          2
 Cigotuvi's Dreadful Rot  Necr/Alch/Air  98%        N/A       1%          2
 Ensorcelled Hibernation  Hex/Ice        90%        N/A       1%          2
 Swiftness                Air            53%        N/A       1%          3
 Volatile Blastmotes      Fire/Tloc      100%       2d18      1%          3
 Fulminant Prism          Conj/Alch      32%        3d15      1%          4
 Ignite Poison            Fire/Alch      79%        N/A       1%          4
 Summon Blazeheart Golem  Fire/Summ      74%        N/A       1%          4
 Summon Lightning Spire   Summ/Air       53%        N/A       1%          4
 Arcjolt                  Conj/Air       29%        1d39      1%          5
 Starburst                Conj/Fire      39%        6d11      1%          6
 Confusing Touch          Hex            19%        N/A       3%          3
 Gell's Gravitas          Tloc           19%        N/A       3%          3
 Passwall                 Erth           19%        N/A       3%          3
 Sigil of Binding         Hex            19%        N/A       3%          3
 Teleport Other           Tloc           19%        N/A       3%          3
 Vampiric Draining        Necr           19%        2d7       3%          3
 Vhi's Electric Charge    Tloc/Air       74%        N/A       3%          4
 Lee's Rapid Deconstruct  Erth           9%         3d7*      7%          5
 Anguish                  Hex/Necr       9%         N/A       10%         4
 Cause Fear               Hex            9%         N/A       10%         4
 Manifold Assault         Tloc           19%        N/A       10%         4
 Monstrous Menagerie      Summ           26%        N/A       65%         7
 Maxwell's Capacitive Co  Air            26%        ∞         75%         8
 Dispersal                Tloc           9%         N/A       80%         6
 Malign Gateway           Summ/Tloc      18%        N/A       93%         7
 Enfeeble                 Hex            9%         N/A       100%        7
 Disjunction              Tloc           9%         N/A       100%        8
 Animate Armour           Summ/Erth      Unusable   N/A       N/A         4
 Dimensional Bullseye     Hex/Tloc       Unusable   N/A       N/A         4

Dungeon Overview and Level Annotations

Branches:
Dungeon (15/15)            Temple (0/1) D:6            Lair (5/5) D:9
 Shoals (4/4) Lair:2        Snake (4/4) Lair:3        Slime (0/5) Lair:4
    Orc (2/2) D:12            Elf (1/3) Orc:2        Vaults (0/5) D:14
 Depths (0/4) D:15        Volcano (visited)         Gauntlet (visited)

Altars:
Cheibriados
Elyvilon
Hepliaklqana
Kikubaaqudgha
Makhleb
Nemelex Xobeh
Okawaru
Uskayaw
Vehumet
Wu Jian
Zin
The Shining One
Jiyva
Lugonu

Shops:
D:7 ?   Orc:1 (   Orc:2 ![=*   Snake:2 ?*==   Snake:3 (   Snake:4 [

Portals:
Trove: D:15 (give 15 scrolls of teleportation)

Annotations:
D:4 1 exclusion
D:5 2 transporters, Agrajag's ghost, weakling HuDe
D:15 Roxanne
Shoals:3 Bai Suzhen
Snake:3 Urrug's ghost, adept TrWr


Innate Abilities, Weirdness & Mutations

You have sharp claws.
You have razor-sharp teeth.
You have supernaturally acute eyesight. (SInv)
Your thick and shaggy fur keeps you warm. (AC +3, rC+)
Your paws help you pounce on unaware monsters.
You are incapable of wielding weapons or throwing items.
You cannot wear armour.
You gain extra lives every three experience levels.
Your body sometimes deteriorates upon taking damage.
Your system is resistant to poisons. (rPois)
Potions are less effective at restoring your health.


Message History

The fireball engulfs the deep elf archer!!
You kill the deep elf archer!
Vehumet accepts your kill.
The fireball engulfs the +2 long sword of flaming.
The +2 long sword of flaming resists.
You hear a shout!
The +2 long sword of flaming hits you!! The +2 long sword of flaming burns you!
Plasma beam
Press: ? - help, Dir - look around, f - activate The bolt of lightning hits the +2 long sword of flaming.
The +2 long sword of flaming completely resists.
The fiery plasma misses the +2 long sword of flaming.
You hear a shout!
The +2 long sword of flaming closely misses you.
Press: ? - help, Shift-Dir - straight line The roots erupt in riotous growth!
Roots grab the +2 long sword of flaming.
The grasping roots constrict the +2 long sword of flaming.
The +2 long sword of flaming hits you!!
Your body deteriorates!
You feel clumsy. The +2 long sword of flaming burns you!
The +2 long sword of flaming completely misses you.
You scratch the +2 long sword of flaming but do no damage.
The grasping roots constrict the +2 long sword of flaming.
The +2 long sword of flaming closely misses you.
You scratch the +2 long sword of flaming but do no damage.
You bite the +2 long sword of flaming, but do no damage.
The grasping roots constrict the +2 long sword of flaming.
The roots release their grip on the +2 long sword of flaming.
The +2 long sword of flaming hits you!
* * * LOW HITPOINT WARNING * * *
The +2 long sword of flaming burns you!
* * * LOW HITPOINT WARNING * * *
The +2 long sword of flaming completely misses you.
Press: ? - help, Shift-Dir - straight line The roots erupt in riotous growth!
Roots grab the +2 long sword of flaming.
The grasping roots constrict the +2 long sword of flaming.
The +2 long sword of flaming hits you!!
You die...

.........
....... #.....
###########..)#
#.............#
#.⌠.........⌠.#
#....)........#
#..(###########
#..@#.....#...#
#....)....))..#
#.....)..).)..#
#...#.....#...#
###########)..#
#.........)...#
#.<........)⌠.#
#.............#
###############


You could see a +2 long sword of flaming (rooted).

Vanquished Creatures
  Nikola (Shoals:2)
  Mlioglotl (Shoals:4)
  A kraken (Shoals:4)
  Polyphemus (Shoals:2)
  Gastronok (D:9)
  Frances (D:13)
  Kirke (Shoals:1)
  Aizul (Snake:3)
  Ilsuiw (Shoals:3)
  6 nagarajas
  Louise (Snake:3)
  An angel (Shoals:4)
  An orc warlord (Orc:1)
  A stone giant (D:15)
  8 merfolk javelineers (Shoals:4)
  9 merfolk impalers
  A vault guard (D:14)
  6 hydras
  4 salamander tyrants
  Erolcha (Orc:1)
  A catoblepas (Shoals:2)
  3 merfolk avatars (Shoals:4)
  3 ogre magi
  7 merfolk aquamancers (Shoals:4)
  2 centaur warriors
  9 anacondas
  4 death yaks
  14 two-headed ogres
  12 naga sharpshooters
  14 naga warriors
  4 orc high priests
  3 tengu warriors
  3 shock serpents
  A deep elf knight (Elf:1)
  8 skysharks
  A goliath frog (Lair:5)
  9 sea snakes
  2 cherubim (Shoals:4)
  2 deep trolls (Orc:2)
  5 mana vipers
  A deep elf archer (Elf:1)
  3 naga ritualists (Snake:4)
  23 harpies
  3 orc knights
  6 deep elf pyromancers
  5 orc sorcerers
  10 cyclopes
  11 fauns
  3 deep elf zephyrmancers (Elf:1)
  13 manticores
  12 ugly things
  Maurice (D:12)
  3 elephants (Lair:2)
  6 salamanders
  24 black mambas
  A gargoyle (D:14)
  2 guardian serpents
  10 merfolk sirens
  4 kobold blastminers
  A smoke demon (Volcano)
  15 naga magi
  8 water nymphs
  5 komodo dragons
  18 cane toads
  3 rime drakes
  An efreet (D:15)
  A freezing wraith (D:14)
  3 tengu conjurers
  10 trolls
  3 red devils (Volcano)
  A guardian mummy (D:15)
  25 merfolk
  A spectral guardian serpent (Snake:4)
  A tyrant leech (Lair:5)
  Prince Ribbit (D:5)
  13 blink frogs
  A blink frog (shapeshifter) (D:14)
  2 wind drakes
  16 dream sheep
  7 snapping turtles
  11 slime creatures
  A shock serpent simulacrum (Snake:4)
  3 spectral black mambas (Snake:4)
  A spriggan (Lair:3)
  A shadow (D:10)
  2 wraiths (D:12)
  5 wyverns
  A culicivora (shapeshifter) (D:14)
  2 water elementals
  41 yaks
  A fire elemental (Elf:1)
  4 hogs (Shoals:1)
  Grum (D:9)
  6 basilisks
  18 vampire mosquitoes
  5 wargs (Orc:1)
  48 nagas
  3 acid dragons
  14 water moccasins
  A spectral naga (Snake:4)
  24 orc warriors
  A black bear (Lair:3)
  22 ogres
  3 black mamba simulacra (Snake:4)
  4 centaurs
  15 wolves
  4 kobold brigands
  Blork the orc (D:5)
  13 bullfrogs
  4 scorpions
  3 wights
  24 killer bees
  A howler monkey (shapeshifter) (D:14)
  6 howler monkeys
  4 electric eels
  2 jellies (Lair:4)
  A bombardier beetle (D:6)
  A hound (D:5)
  2 gnoll boudas
  16 orc priests
  3 sleepcaps
  5 iguanas
  19 orc wizards
  10 adders
  9 gnolls
  3 naga simulacra (Snake:4)
  3 shadow imps
  A white imp (D:7)
  2 ufetubi (D:6)
  A ribbon worm (D:3)
  4 dart slugs
  64 orcs
  9 ball pythons
  3 bats
  6 endoplasms
  A giant cockroach (D:2)
  8 goblins
  7 hobgoblins
  3 jackals (D:5)
  31 kobolds
  3 quokkas
  3 frilled lizards
  2 rats (D:1)
  4 tentacles (Shoals:4)
956 creatures vanquished.

Vanquished Creatures (collateral kills)
  An orc warlord (Orc:2)
  2 hydras
  A two-headed ogre (D:11)
  Nergalle (D:11)
  A skyshark (Lair:5)
  2 salamanders
  2 elephants (Lair:2)
  A torpor snail (Lair:4)
  3 black mambas
  2 cane toads
  2 rime drakes
  Psyche (D:9)
  3 komodo dragons
  A polar bear (Lair:3)
  A troll (D:9)
  Grinder (D:6)
  4 blink frogs
  9 dream sheep (Lair:4)
  A shadow (D:8)
  2 slime creatures (D:12)
  A wyvern (Lair:4)
  12 yaks
  A wraith (D:9)
  A basilisk (Lair:1)
  2 wargs
  A vampire mosquito (Lair:5)
  Menkaure (D:7)
  3 water moccasins
  2 orc warriors (Orc:1)
  3 wolves
  3 centaurs (D:9)
  A phantom (D:6)
  A gnoll sergeant (D:11)
  A kobold brigand (D:7)
  2 bullfrogs
  5 wights
  6 killer bees
  A howler monkey (D:9)
  3 lava snakes (Lair:3)
  2 jellies
  2 orc priests
  A bombardier beetle (D:6)
  An orc wizard (Orc:1)
  2 gnolls (D:11)
  4 shadow imps
  5 orcs
  A kobold (D:11)
109 creatures vanquished.

Vanquished Creatures (others)
  A wind drake (Shoals:1)
  A slime creature (D:15)
  A human (Shoals:1)
  A howler monkey (D:13)
4 creatures vanquished.

Grand Total: 1069 creatures vanquished

Notes
Turn   | Place    | Note
-------+----------+-------------------------------------------
     0 | D:1      | yakattack the Felid Ice Elementalist began the quest for
                  | the Orb.
     0 | D:1      | Reached XP level 1. HP: 9/9 MP: 4/4
   145 | D:1      | Reached XP level 2. HP: 13/13 MP: 4/6
  1161 | D:2      | Reached XP level 3. HP: 16/16 MP: 3/7
  1165 | D:2      | Learned a level 3 spell: Frozen Ramparts
  1273 | D:2      | Found a snail-covered altar of Cheibriados.
  1739 | D:2      | Reached skill level 5 in Ice Magic
  2388 | D:3      | Reached XP level 4. HP: 11/21 MP: 2/8
  2388 | D:3      | Gained a life (2 lives remaining)
  3110 | D:3      | Found a radiant altar of Vehumet.
  3501 | D:4      | Noticed a phantom
  3570 | D:3      | Became a worshipper of Vehumet
  4091 | D:4      | Reached XP level 5. HP: 17/24 MP: 2/9
  4163 | D:3      | Learned a level 3 spell: Ozocubu's Armour
  4182 | D:4      | Noticed a phantom
  4309 | D:5      | Entered Level 5 of the Dungeon
  4309 | D:5      | Noticed Blork the orc
  4349 | D:5      | Noticed a water moccasin
  4354 | D:5      | Killed a water moccasin
  4428 | D:5      | Gained mutation: Your body sometimes deteriorates upon
                  | taking damage. [potion of mutation]
  4428 | D:5      | Gained mutation: Your system is resistant to poisons.
                  | (rPois) [potion of mutation]
  4433 | D:5      | Gained mutation: You are covered in thick fur. (AC +2)
                  | [Felid growth]
  4433 | D:5      | Reached XP level 6. HP: 28/28 MP: 4/10
  4542 | D:5      | Killed Blork the orc
  4542 | D:5      | Reached * piety under Vehumet
  4542 | D:5      | Offered knowledge of Magic Dart by Vehumet.
  4647 | D:5      | Found a transporter.
  4647 | D:5      | Found a transporter.
  4649 | D:5      | Noticed Agrajag's ghost (weakling HuDe)
  4666 | D:5      | Noticed a hornet
  4846 | D:5      | Reached XP level 7. HP: 21/32 MP: 2/11
  4987 | D:5      | Learned a level 3 spell: Summon Ice Beast
  5087 | D:5      | Reached skill level 1 in Summonings
  5555 | D:5      | Noticed Prince Ribbit
  5564 | D:5      | Killed Prince Ribbit
  5565 | D:5      | Reached XP level 8. HP: 4/36 MP: 4/14
  6123 | D:6      | Noticed Grinder
  6131 | D:6      | Paralysed by Grinder for 3 turns
  6338 | D:6      | Learned a level 3 spell: Call Canine Familiar
  6748 | D:6      | Found a staircase to the Ecumenical Temple.
  6814 | D:6      | Reached skill level 1 in Fighting
  7022 | D:6      | HP: 2/42 [orc/+0 mace (3)]
  7204 | D:6      | Paralysed by Grinder for 3 turns
  7232 | D:6      | Killed Grinder
  7233 | D:6      | Reached skill level 5 in Fighting
  7634 | D:6      | Offered knowledge of Sting by Vehumet.
  7645 | D:6      | Learned a level 1 spell: Sting
  7719 | D:6      | Reached ** piety under Vehumet
  7776 | D:6      | Found a hide-covered altar of Uskayaw.
  7778 | D:6      | Found a burning altar of Makhleb.
  7802 | D:6      | Reached XP level 9. HP: 48/48 MP: 7/16
  7932 | D:7      | Reached skill level 1 in Conjurations
  7932 | D:7      | Reached skill level 1 in Alchemy
  8328 | D:7      | Found a hazy altar of Hepliaklqana.
  8330 | D:7      | Found a glowing silver altar of Zin.
  8334 | D:7      | Found an ornate altar of the Wu Jian Council.
  8334 | D:7      | Found an ancient bone altar of Kikubaaqudgha.
  8341 | D:7      | Found a snail-covered altar of Cheibriados.
  8484 | D:7      | Noticed Menkaure
  8494 | D:7      | Killed Menkaure
  8591 | D:7      | Found Arucviwy's Magic Scroll Shop.
  8594 | D:7      | Bought a scroll of identify for 22 gold pieces
  8594 | D:7      | Bought a scroll of identify for 22 gold pieces
  8594 | D:7      | Bought a scroll of identify for 22 gold pieces
  8594 | D:7      | Bought a scroll of identify for 22 gold pieces
  9001 | D:8      | Offered knowledge of Scorch by Vehumet.
  9552 | D:8      | Reached XP level 10. HP: 39/58 MP: 7/17
  9658 | D:8      | Reached *** piety under Vehumet
  9965 | D:9      | Noticed Grum
 10107 | D:9      | Noticed Psyche
 10341 | D:9      | Reached skill level 10 in Fighting
 10503 | D:9      | Killed Grum
 10635 | D:9      | Offered knowledge of Iskenderun's Mystic Blast by Vehumet.
 10721 | D:9      | Reached skill level 5 in Dodging
 11004 | D:9      | Killed Psyche
 11324 | D:9      | Found a staircase to the Lair.
 11524 | D:9      | Reached **** piety under Vehumet
 11724 | Lair:1   | Entered Level 1 of the Lair of Beasts
 11724 | Lair:1   | Noticed a cane toad
 11724 | Lair:1   | Noticed a cane toad
 11737 | Lair:1   | Killed a cane toad
 11738 | Lair:1   | Reached XP level 11. HP: 39/64 MP: 6/18
 11739 | Lair:1   | Reached skill level 10 in Dodging
 11739 | Lair:1   | Reached skill level 1 in Shapeshifting
 11963 | D:8      | Learned a level 4 spell: Iskenderun's Mystic Blast
 11970 | D:9      | Offered knowledge of Flame Wave by Vehumet.
 12055 | D:9      | Slain by a yak
 12055 | D:9      | Lost a life (1 life remaining)
 12139 | D:9      | Found a staircase to the Lair.
 12373 | D:9      | Noticed Gastronok
 13257 | Lair:1   | Noticed a seven-headed hydra
 13353 | Lair:1   | Killed a seven-headed hydra
 14027 | Lair:2   | Reached skill level 5 in Spellcasting
 14267 | Lair:3   | HP: 3/68 [water moccasin (1)]
 14268 | Lair:3   | HP: 1/68 [poisoned by a water moccasin]
 14269 | Lair:3   | Succumbed to a water moccasin's poison
 14269 | Lair:3   | Lost a life (0 lives remaining)
 14302 | Lair:3   | Gained mutation: Your thick and shaggy fur keeps you warm.
                  | (AC +3, rC+) [Felid growth]
 14302 | Lair:3   | Reached XP level 12. HP: 43/73 MP: 11/22
 14302 | Lair:3   | Gained a life (1 life remaining)
 14485 | Lair:3   | Found a gate leading to a gauntlet.
 14498 | Gauntlet | Entered a Gauntlet
 14498 | Gauntlet | Found a transporter.
 14528 | Gauntlet | Found a transporter.
 14539 | Gauntlet | Found a transporter.
 14542 | Gauntlet | Found a transporter.
 14546 | Gauntlet | Found a runed translucent door.
 14546 | Gauntlet | Noticed an entropy weaver
 14548 | Gauntlet | Found a runed translucent door.
 14548 | Gauntlet | Found the +3 pair of seven-league boots {Rampage+∞}
 14550 | Gauntlet | Found a transporter.
 14566 | Gauntlet | Found a transporter.
 14577 | Gauntlet | Found a runed translucent door.
 14577 | Gauntlet | Noticed a ghost crab
 14578 | Gauntlet | Found a transporter.
 14580 | Gauntlet | Found a runed translucent door.
 14586 | Gauntlet | Learned a level 4 spell: Summon Lightning Spire
 14587 | Gauntlet | Found a transporter.
 14587 | Gauntlet | Found a transporter.
 14599 | Gauntlet | Found a transporter.
 14608 | Gauntlet | Found a transporter.
 14608 | Gauntlet | Found a transporter.
 14633 | Gauntlet | Noticed a ghost crab
 14635 | Gauntlet | Found a transporter.
 14639 | Gauntlet | Found a transporter.
 14740 | Gauntlet | Slain by a soul eater
 14740 | Gauntlet | Lost a life (0 lives remaining)
 14779 | Gauntlet | Identified the +9 quick blade of Kaociecib {protect, ^Drain
                  | rPois rC++ Str+3}
 14779 | Gauntlet | Identified the +3 shortbow "Dishrun" {heavy, Will+}
 14779 | Gauntlet | Noticed a minotaur
 14814 | Gauntlet | Identified the +4 scale mail of the Pleiades {Dex+3}
 14921 | Lair:3   | Reached skill level 1 in Air Magic
 15213 | Lair:3   | Noticed a five-headed hydra
 15224 | Lair:3   | Killed a five-headed hydra
 15327 | Lair:3   | Found a staircase to the Snake Pit.
 15563 | Lair:3   | Reached ***** piety under Vehumet
 15694 | Lair:3   | Reached skill level 5 in Summonings
 15694 | Lair:3   | Offered knowledge of Conjure Ball Lightning by Vehumet.
 16074 | Lair:4   | Reached skill level 1 in Evocations
 16466 | Lair:4   | Reached skill level 5 in Air Magic
 16475 | Lair:4   | Reached skill level 5 in Evocations
 16542 | Lair:4   | Found a dark tunnel.
 16551 | Volcano  | Entered a volcano
 16608 | Volcano  | Reached skill level 1 in Fire Magic
 17337 | Lair:4   | Found a viscous altar of Jiyva.
 17338 | Lair:4   | Found a staircase to the Slime Pits.
 17488 | Lair:4   | Reached XP level 13. HP: 62/77 MP: 11/26
 17488 | Lair:4   | Gained a life (1 life remaining)
 17888 | Lair:4   | Learned a level 4 spell: Sticky Flame
 18741 | Lair:2   | Reached skill level 5 in Alchemy
 19447 | Lair:2   | Found a staircase to the Shoals.
 19586 | Lair:5   | Entered Level 5 of the Lair of Beasts
 19686 | Lair:5   | Reached skill level 5 in Fire Magic
 21653 | Lair:5   | Slain by a skyshark
 21653 | Lair:5   | Lost a life (0 lives remaining)
 21653 | Lair:5   | Offered knowledge of Ozocubu's Refrigeration by Vehumet.
 21772 | Lair:5   | Reached XP level 14. HP: 68/84 MP: 12/27
 21772 | Lair:5   | Gained a life (1 life remaining)
 22967 | D:9      | Killed Gastronok
 22968 | D:9      | Reached skill level 15 in Fighting
 23074 | D:10     | Entered Level 10 of the Dungeon
 24945 | D:11     | Noticed Nergalle
 24955 | D:11     | Killed Nergalle
 25237 | D:11     | Found a hide-covered altar of Uskayaw.
 25278 | D:11     | Identified a scroll of acquirement
 25279 | D:11     | Acquired the ring of Ocoroifu {rF+ AC+4 Str+2}
 25709 | D:12     | Found a corrupted altar of Lugonu.
 25717 | D:12     | Got Lugonu's Precepts of Conflict
 25753 | D:12     | Found a staircase to the Orcish Mines.
 26318 | D:12     | Noticed Maurice
 26323 | D:12     | Killed Maurice
 26896 | Orc:1    | Entered Level 1 of the Orcish Mines
 26896 | Orc:1    | Found Nohipik's Antique Weapon Emporium.
 26914 | Orc:1    | Offered knowledge of Fireball by Vehumet.
 27054 | Orc:1    | Found an iron altar of Okawaru.
 27358 | Orc:1    | Noticed an orc warlord
 27645 | Orc:1    | Killed an orc warlord
 27826 | Orc:1    | Learned a level 5 spell: Fireball
 27951 | Orc:1    | Noticed Erolcha
 27966 | Orc:1    | Killed Erolcha
 28331 | Orc:1    | Gained mutation: Potions are less effective at restoring
                  | your health. [a neqoxec]
 28772 | Orc:2    | Entered Level 2 of the Orcish Mines
 28773 | Orc:2    | Noticed an orc warlord
 28983 | Orc:2    | Killed an orc warlord
 29635 | Orc:2    | Found a staircase to the Elven Halls.
 29672 | Orc:2    | Reached skill level 5 in Conjurations
 29804 | Orc:2    | Found Joilext's Distillery.
 30271 | Orc:2    | Reached XP level 15. HP: 91/91 MP: 21/29
 30480 | Orc:2    | Offered knowledge of Arcjolt by Vehumet.
 30796 | Orc:2    | Found Apsuahowk's Jewellery Shop.
 30798 | Orc:2    | Found Ataen's General Store.
 30798 | Orc:2    | Found Deolut's Antique Armour Shop.
 31193 | Orc:2    | Bought a scroll of immolation for 64 gold pieces
 31722 | Orc:2    | Bought the amulet of Sin {Acrobat ^Fragile rN+ Will+ rCorr}
                  | for 748 gold pieces
 32170 | D:13     | Noticed Frances
 32181 | D:13     | Killed Frances
 33986 | D:14     | Reached skill level 10 in Spellcasting
 34074 | D:14     | Found a gate to the Vaults.
 34628 | D:15     | Entered Level 15 of the Dungeon
 34922 | D:15     | Found a portal to a secret trove of treasure.
 35503 | D:15     | Offered knowledge of Plasma Beam by Vehumet.
 36331 | D:15     | Noticed Roxanne
 36615 | D:15     | Found a staircase to the Depths.
 36858 | D:15     | Found a sparkling altar of Nemelex Xobeh.
 37123 | Shoals:1 | Entered Level 1 of the Shoals
 37132 | Shoals:1 | Noticed Kirke
 37295 | Snake:1  | Entered Level 1 of the Snake Pit
 38271 | Snake:1  | Got the Secrets of Creation
 40025 | Snake:2  | Learned a level 6 spell: Plasma Beam
 40162 | Snake:2  | Reached XP level 16. HP: 70/96 MP: 9/33
 40162 | Snake:2  | Gained a life (2 lives remaining)
 40620 | Snake:2  | Found Vitruw's Jewellery Emporium.
 40732 | Snake:2  | Found Witiw's Jewellery Emporium.
 40779 | Snake:2  | Found Hyritoipt's Assorted Antiques.
 40789 | Snake:2  | Bought a scroll labelled AFRUPTIOFI for 29 gold pieces
 40789 | Snake:2  | Bought a scroll labelled TITRIR XOENYV for 29 gold pieces
 41820 | Snake:2  | Reached skill level 10 in Fire Magic
 42325 | Snake:2  | Found Louvocs's Magic Scroll Emporium.
 42659 | Snake:2  | Bought the ring "Meteryle" {Wiz Str+3 Int+6} for 782 gold
                  | pieces
 43649 | Snake:3  | Noticed Louise
 43658 | Snake:3  | Killed Louise
 44341 | Snake:3  | Identified the +1 great sword "Aqaod" {protect, rCorr
                  | Int+5}
 44494 | Snake:3  | Found Loganiat's Weapon Shoppe.
 45406 | Snake:4  | Entered Level 4 of the Snake Pit
 45605 | Snake:4  | Identified the serpent talisman of the Zebra {rC+ Will+}
 45605 | Snake:4  | Noticed Aizul
 45698 | Snake:3  | Killed Aizul
 45802 | Snake:4  | Offered knowledge of Eringya's Noxious Bog by Vehumet.
 46655 | Snake:4  | Found Ymae's Armour Shoppe.
 46750 | Snake:4  | Learned a level 8 spell: Ignition
 47024 | Snake:4  | Found a runed translucent gate.
 47025 | Snake:4  | Found a runed translucent gate.
 47026 | Snake:4  | Found a runed translucent gate.
 47033 | Snake:4  | Noticed Urrug's ghost (adept TrWr)
 48474 | Snake:4  | Reached XP level 17. HP: 100/100 MP: 5/34
 48667 | Snake:4  | Killed from afar by a salamander tyrant
 48667 | Snake:4  | Lost a life (1 life remaining)
 49090 | Snake:4  | Got a serpentine rune of Zot
 49633 | Shoals:1 | Offered knowledge of Starburst by Vehumet.
 49633 | Shoals:1 | Killed Kirke
 50459 | Shoals:1 | Reached skill level 15 in Fire Magic
 51223 | Snake:2  | Bought the ring "Wutreb" {Fly MP+9 Str+3} for 944 gold
                  | pieces
 52978 | Shoals:2 | Noticed Polyphemus
 52983 | Shoals:2 | Killed Polyphemus
 53158 | Shoals:2 | Noticed Nikola
 53163 | Shoals:2 | Killed Nikola
 53370 | Shoals:2 | Got the Parchment of Breezy Correspondence
 54331 | Shoals:3 | Noticed Bai Suzhen
 54682 | Shoals:4 | Entered Level 4 of the Shoals
 54798 | Shoals:4 | Noticed Mlioglotl
 54803 | Shoals:4 | Killed Mlioglotl
 55064 | Shoals:3 | Noticed Ilsuiw
 55076 | Shoals:3 | Killed Ilsuiw
 55551 | Shoals:4 | Reached XP level 18. HP: 78/105 MP: 21/35
 56604 | Shoals:4 | Slain by an angel
 56604 | Shoals:4 | Lost a life (0 lives remaining)
 56766 | Shoals:4 | Reached ****** piety under Vehumet
 56960 | Shoals:4 | Found a white marble altar of Elyvilon.
 57131 | Shoals:4 | Found a glowing golden altar of the Shining One.
 57144 | Shoals:4 | Got a barnacled rune of Zot
 57188 | Shoals:4 | Offered knowledge of Lehudib's Crystal Spear by Vehumet.
 57188 | Shoals:4 | Offered knowledge of Chain Lightning by Vehumet.
 57188 | Shoals:4 | Offered knowledge of Polar Vortex by Vehumet.
 57248 | Shoals:4 | Found a glowing silver altar of Zin.
 57638 | Shoals:4 | Reached skill level 15 in Dodging
 58415 | Elf:1    | Entered Level 1 of the Elven Halls
 58565 | Elf:1    | Slain by a +2 long sword of flaming

Illustrated notes

Levels and vault maps discovered:
D:1:      kennysheep_arrival_forest, layout_loops_corners, minmay_heptomino_l4
D:2:      layout_basic, basic_altar, grunt_decor_cap
D:3:      layout_basic, fiery_altar_vehumet, minmay_misc_feat_roman,
          minmay_fractal_squares_5
D:4:      cheibrodos_thug_alley, layout_basic, nzn_random_ring, uniq_eustachio
D:5:      layout_loops_ring, gammafunk_ghost_hive, uniq_prince_ribbit1,
          uniq_blork_the_orc
D:6:      corexii_shack_village, layout_basic, minitemple, temple_statues,
          minmay_quadrilaterals, uniq_grinder
D:7:      layout_basic, nicolae_overflow_hallway_of_the_gods, serial_shops,
          nicolae_shop_real_fake_doors, uniq_menkaure
D:8:      layout_basic
D:9:      layout_roguey, minmay_lair_entry_grove, minmay_misc_feat_five,
          uniq_grum, uniq_psyche, uniq_gastronok
D:10:     layout_roguey
D:11:     layout_long_grid, nicolae_uskayaw_dance_studio, uniq_nergalle
D:12:     layout_basic, orc_0_dummy, tgw_lugonu_bribe, uniq_maurice
D:13:     layout_loops_ring, uniq_frances
D:14:     layout_big_octagon, david_vaults_4, serial_co_window_serial,
          co_window_corner_a, co_window_paths_a, co_window_of_opportunity_a,
          co_window_cross_1, co_window_corner_a, co_window_broadway_b,
          co_window_of_opportunity_c, co_window_broadway_a, co_window_corner_b,
          glass_columns_c, glass_columns_b
D:15:     grunt_enter_depths_snipers, layout_basic,
          nicolae_trove_entry_path_of_doom, nemelex_lonely_heart_becter,
          uniq_roxanne
Lair:1:   layout_cave_shapes, minivault_11, eino_small_chamber_without_monster
Lair:2:   layout_hall_layers, shoals_dummy_entry
Lair:3:   layout_roguey, nicolae_snake_entry_warm_welcome,
          gauntlet_entry_generic, st_stairs_4, grunt_forest_stairs_clearing
Lair:4:   layout_layer_cave, slime_entry_2, lightli_volcano_entry_magma_tube,
          serial_bayou_crossing, grunt_megastairs_5
Lair:5:   minmay_lair_end_frog_pond, layout_cave_pods, lookout_lair_type,
          grunt_forest_stairs_basic, st_stairs_6, minmay_stone_trees_small,
          dreamdust_gnoll_shepherd
Shoals:1: layout_shoals, uniq_kirke
Shoals:2: layout_shoals, nzn_prometheus_bound, uniq_nikola, uniq_polyphemus
Shoals:3: layout_shoals, nicolae_shop_gadgets, uniq_ilsuiw, uniq_bai_suzhen
Shoals:4: shoals_end_hellmonk_holy_island, uniq_mlioglotl
Snake:1:  layout_chambers
Snake:2:  layout_grid_maze, serial_shops, shop, nicolae_shop_rolled_up,
          nicolae_shop_rolling_square, shop, guppyfry_library_mini,
          grunt_megastairs_4
Snake:3:  layout_gridlike, serial_shops, shop, serial_bayou_pond_e,
          serial_bayou_shore_a, uniq_louise
Snake:4:  minmay_snake_end_coiled, layout_cave_town, gammafunk_ghost_necromancy,
          serial_shops, shop, uniq_aizul
Orc:1:    orc_temple, layout_caves, serial_shops, shop,
          okawaru_metal_pillars_1_2, uniq_erolcha
Orc:2:    st_orc_open, layout_caves
Elf:1:    nicolae_elf_arrival_no_cutting_in_line, layout_rooms,
          gammafunk_ghost_tricky_traps, serial_co_window_serial,
          co_window_paths_a, co_window_paths_a, co_window_of_opportunity_a,
          co_window_corner_a, co_window_corner_a, co_window_corner_b,
          co_window_unsneaky_path_b, co_window_broadway_b,
          co_window_of_opportunity_c, co_window_paths_c, co_window_4corner_b,
          drop_trap, minmay_crystal_room

Skill      XL: |  1  2  3  4  5  6  7  8  9 10 11 12 13 14 15 16 17 18 |
---------------+-------------------------------------------------------+-----
Ice Magic      | 4 5 6 7 8 |  8.1
Summonings     | 3 4 5 |  5.3
Spellcasting   | 3 4 6 8 9 12 | 12.0
Fighting       | 6 9 10 13 14 16 | 16.1
Conjurations   | 3 5 7 |  7.8
Alchemy        | 3 8 |  8.5
Dodging        | 9 10 12 15 | 15.0
Shapeshifting  | 1 |  1.1
Air Magic      | 5 |  5.6
Evocations     | 5 7 |  7.7
Fire Magic     | 2 5 7 8 13 16 | 16.8
Stealth        | |  2.6

Action                     |  1- 3 |  4- 6 |  7- 9 | 10-12 | 13-15 | 16-18 || total
---------------------------+-------+-------+-------+-------+-------+-------++-------
  Melee: Unarmed           |    28 |    50 |   170 |   331 |   344 |    54 ||   977
         Bite              |     3 |     9 |    28 |    60 |    64 |     6 ||   170
         Punch             |       |       |     2 |     4 |     5 |       ||    11
   Cast: Freeze            |    43 |    32 |    19 |     9 |    19 |       ||   122
         Frozen Ramparts   |       |     9 |    39 |    74 |   126 |     3 ||   251
         Ozocubu's Armour  |       |     4 |    32 |    54 |    79 |     2 ||   171
         Summon Ice Beast  |       |       |    18 |    79 |    41 |     1 ||   139
         Call Canine Famil |       |       |    12 |    38 |    26 |     1 ||    77
         Sting             |       |       |    12 |    17 |     5 |       ||    34
         Iskenderun's Myst |       |       |       |     5 |     5 |     5 ||    15
         Summon Lightning  |       |       |       |    12 |    25 |       ||    37
         Sticky Flame      |       |       |       |       |   219 |    45 ||   264
         Fireball          |       |       |       |       |   259 |   269 ||   528
         Plasma Beam       |       |       |       |       |     3 |   189 ||   192
         Ignition          |       |       |       |       |       |    84 ||    84
  Evoke: Wand              |       |       |       |     6 |     3 |    14 ||    23
         Lightning rod     |       |       |       |     5 |    16 |     1 ||    22
         Phantom mirror    |       |       |       |       |     3 |     1 ||     4
         Phial of floods   |       |       |       |       |     1 |     2 ||     3
         Box of beasts     |       |       |       |       |       |     1 ||     1
    Use: Potion            |       |     3 |       |     3 |     1 |     3 ||    10
         Scroll            |       |       |    11 |     4 |    15 |     5 ||    35
   Stab: Sleeping          |     7 |       |     3 |       |     3 |       ||    13
         Distracted        |       |       |     1 |     4 |     6 |       ||    11
 Armour: Skin              |    15 |    31 |    78 |   198 |   332 |   199 ||   853
  Dodge: Dodged            |    50 |    61 |   166 |   558 |   764 |   349 ||  1948
